 Dungeon Crawl Stone Soup version 0.31-a0-949-g57150269e1 (webtiles) character file.

Game seed: 3191046117445079777

44 CowFu the Conjurer (level 3, -1/26 HPs)
             Began as a Draconian Conjurer on Oct 22, 2023.
             Killed by divine providence
             ... invoked by an orc priest
              (14 damage)
             ... on level 3 of the Dungeon.
             The game lasted 00:01:45 (2284 turns).

CowFu the Conjurer (Draconian Conjurer)             Turns: 2284, Time: 00:01:46

Health: -1/26      AC:  5    Str:  9    XL:     3   Next: 39%
Magic:  2/7        EV: 12    Int: 20    God:
Gold:   138        SH:  0    Dex:  9    Spells: 4/7 levels left

rFire   + . .        m - staff of fire
rCold   . . .        (no shield)
rNeg    . . .        (body armour unavailable)
rPois   .            (helmet restricted)
rElec   .            (no cloak)
rCorr   .            (no gloves)
SInv    +            (no boots)
Will    .....        (no amulet)
Stlth   ++           f - ring of wizardry
HPRegen 0.24/turn    g - ring of see invisible
MPRegen 0.10/turn

%: wizardry (x1)
@: no status effects
A: AC +5, unfitting armour, cold-blooded
a: no special abilities


You were on level 3 of the Dungeon.
You visited 1 branch of the dungeon, and saw 3 of its levels.

You collected 138 gold pieces.

Inventory:

Magical Staves
 m - a staff of fire (weapon)
Jewellery
 f - a ring of wizardry (left hand)
 g - a ring of see invisible (right hand)
 k - a +6 ring of dexterity
Scrolls
 b - a scroll of silence {unknown}
 c - a scroll of teleportation {unknown}
 h - a scroll of brand weapon {unknown}
 i - a scroll of identify {unknown}
 j - 3 scrolls of noise {unknown}
 l - a scroll of vulnerability {unknown}
 n - a scroll of fog {unknown}
 p - a scroll of torment {unknown}
 s - a scroll of immolation {unknown}
Potions
 a - a potion of magic
 d - a potion of degeneration {unknown}
 e - 4 potions of haste {unknown}
 o - a potion of attraction {unknown}
 q - a potion of enlightenment {unknown}
 r - a potion of heal wounds {unknown}


   Skills:
 - Level 1.7 Dodging
 - Level 1.7 Stealth
 + Level 2.8 Spellcasting
 + Level 4.5 Conjurations
 + Level 0.6 Evocations


You had 4 spell levels left.
You knew the following spells:

 Your Spells              Type           Power      Damage    Failure   Level
a - Magic Dart            Conj           84%        1d7       1%          1
b - Searing Ray           Conj           42%        2d6       1%          2

Your spell library contained the following spells:

 Spells                   Type           Power      Damage    Failure   Level
 Dazzling Flash           Conj/Hex       24%        N/A       7%          3
 Fulminant Prism          Conj/Hex       6%         3d6       22%         4
 Iskenderun's Mystic Bla  Conj/Tloc      12%        2d5       22%         4


Dungeon Overview and Level Annotations

Branches:
Dungeon (3/15)

Altars:


Innate Abilities, Weirdness & Mutations

Your plain brown scales are hard. (AC +5)
You cannot fit into any form of body armour.
You are cold-blooded and may be slowed by cold attacks.


Message History

A kobold comes into view. It is wielding a +0 whip.
The magic dart hits the kobold.
You kill the kobold!
There is an open door here.
There is an open door here.
There is an open door here.
You now have 138 gold pieces (gained 12).
There is an open door here.
A goblin and a bat come into view.
Found a blue potion.
The goblin shouts!
An orc comes into view. It is wielding a +0 whip.
The magic dart hits the bat but does no damage.
The orc shouts!
The bat hits you but does no damage.
An orc priest comes into view. It is wielding a +0 dagger.
There are monsters nearby!
The magic dart hits the goblin.
The goblin is moderately wounded.
The bat hits you but does no damage.
The orc priest calls down the wrath of Beogh upon you.
Beogh smites you!
Ouch! That really hurt!
An orc comes into view.
It is wielding a +0 club and quivering poisoned darts.
The orc shouts!
There are monsters nearby!
The magic dart hits the bat.
The bat is moderately wounded.
The bat barely misses you.
A hobgoblin comes into view.
There are monsters nearby!
The magic dart hits the bat.
You kill the bat!
The hobgoblin shouts!
You hear an angry hiss.
The magic dart hits the goblin.
You kill the goblin!
The orc priest invokes the aid of Beogh against you.
Beogh smites you!
Ouch! That really hurt!
You die...

# #...%...# # #.......#
....# # #.......# ....#
# ##..†..## oo.# #
##...## ?.# #
#####'#######'######
#...........o.......
####.................g.
#..............@.......
#.######'#######'######
#.# ##...## ..# ##.#
##.....## ...# ...#
#.......# ....# ####
#.......# ....#
#.......# !...#
##.....## ...## ##...##


You could see an orc priest, 2 orcs and a hobgoblin.

Vanquished Creatures
  A worm (D:3)
  2 dart slugs (D:1)
  5 bats
  4 endoplasms
  2 giant cockroaches (D:1)
  2 goblins (D:3)
  A hobgoblin (D:1)
  2 ball pythons
  15 frilled lizards
  4 kobolds
  5 rats
43 creatures vanquished.

Notes
Turn   | Place    | Note
-------+----------+-------------------------------------------
     0 | D:1      | CowFu the Draconian Conjurer began the quest for the Orb.
     0 | D:1      | Reached XP level 1. HP: 14/14 MP: 3/3
   253 | D:1      | Reached XP level 2. HP: 19/20 MP: 0/5
   835 | D:2      | Learned a level 2 spell: Searing Ray
  1650 | D:3      | Reached XP level 3. HP: 26/26 MP: 2/7
  2284 | D:3      | Killed from afar by an orc priest

Illustrated notes

Levels and vault maps discovered:
D:1:      lemuel_arrival_room, layout_basic
D:2:      layout_basic
D:3:      kennysheep_six_static_rooms, layout_loops_ring, minmay_lizard_king

Action                     || total
---------------------------++-------
  Melee: Unarmed           ||     7
         Staff             ||    14
         Tailslap          ||     1
   Cast: Magic Dart        ||    62
 Armour: Skin              ||    13
  Dodge: Dodged            ||    14

Table legend: (Time is in decaauts)
 A = Elapsed time spent in this place.
 B = Non-inter-level travel time spent in this place.
 C = Inter-level travel time spent in this place.
 D = Time resting spent in this place.
 E = Time spent auto-exploring this place.
 F = Levels seen in this place.
 G = Mean time per level.
                   A        B        C        D        E       F      G
               +--------+--------+--------+--------+--------+-----+--------+
         Total |   2284 |   2259 |     25 |      0 |   2071 |   3 |  761.3 |
       Dungeon |   2284 |   2259 |     25 |      0 |   2071 |   3 |  761.3 |
               +--------+--------+--------+--------+--------+-----+--------+

Top non-repeatable levels by time:
     D:1: 794 daAuts
     D:2: 787 daAuts
     D:3: 703 daAuts
